 Dungeon Crawl Stone Soup version 0.22.1-2-g9c5b331383 (webtiles) character file.

53 H0rd4k the Charlatan (level 4, -6/32 HPs)
             Began as a Human Artificer on Dec 11, 2018.
             Shot with an arrow by something (10 damage)
             ... on level 2 of the Dungeon.
             The game lasted 00:01:36 (1282 turns).

H0rd4k the Charlatan (Human Artificer)              Turns: 1282, Time: 00:01:37

Health: -6/32      AC:  3    Str: 13    XL:     4   Next: 11%
Magic:  6/6        EV: 12    Int: 12    God:
Gold:   92         SH:  0    Dex: 13    Spells: 3/3 levels left

rFire    . . .     SeeInvis .   a - +0 short sword
rCold    . . .     Gourm    .   (no shield)
rNeg     . . .     Faith    .   b - +0 leather armour
rPois    .         Spirit   .   (no helmet)
rElec    .         Reflect  .   (no cloak)
rCorr    .         Harm     .   (no gloves)
MR       .....                  (no boots)
Stlth    +.........             (no amulet)
HPRegen  0.10/turn              (no ring)
MPRegen  0.10/turn              (no ring)

@: no status effects
A: no striking features
a: no special abilities


You were on level 2 of the Dungeon.
You were very hungry.

You visited 1 branch of the dungeon, and saw 2 of its levels.

You collected 92 gold pieces.

Inventory:

Hand Weapons
 a - a +0 short sword (weapon)
Missiles
 g - 68 sling bullets
 m - 72 arrows
Armour
 b - a +0 leather armour (worn)
Jewellery
 q - an uncursed amulet of rage {unknown}
Wands
 c - a wand of flame (9)
 d - a wand of enslavement (15)
 e - a wand of random effects (13)
Scrolls
 j - 2 scrolls of identify {unknown}
 k - a scroll of teleportation {unknown}
 o - a scroll of remove curse {unknown}
 p - a scroll of enchant weapon {unknown}
Potions
 h - 2 potions of curing {unknown}
 i - a potion of heal wounds {unknown}
 l - a potion of berserk rage {unknown}
 n - a potion of lignification {unknown}
Comestibles
 f - 5 rations


   Skills:
 + Level 1.0 Fighting
 + Level 1.6 Short Blades
 + Level 0.9 Armour
 + Level 2.6 Dodging
 + Level 1.0 Stealth
 + Level 3.7 Evocations


You had 3 spell levels left.
You didn't know any spells.
Your spell library was empty.

Dungeon Overview and Level Annotations

Branches:
Dungeon (2/15)

Altars:


Message History

You see here an arrow.
Evoke which item? (* to show all) (? for menu, Esc to quit)
Aiming: Random Effects
Press: ? - help, Shift-Dir - straight line, f - centaur
Aim: a centaur, wielding a shortbow The bolt of negative energy hits the centaur.
The centaur is drained!
The centaur is heavily wounded.
The centaur shoots an arrow.
The arrow barely misses you.
Evoke which item? (* to show all) (? for menu, Esc to quit)
Aiming: Random Effects
Press: ? - help, Shift-Dir - straight line, f/p - centaur
Aim: a centaur, wielding a shortbow (heavily wounded, lightly drained)
The centaur flickers and vanishes!
Deactivating autopickup; reactivate with Ctrl-A.
An arrow appears from out of thin air!
The arrow hits you.
An arrow appears from out of thin air!
The arrow hits you!
* * * LOW HITPOINT WARNING * * *
An arrow appears from out of thin air!
The arrow hits you!
You die...

#... #....# # ... #.......
#....# ###### {.. #......
#....###..... ...#.....
#....##...... #.#(...###
#........##.#
####........###.....#.###.#
...........................
#.........#######.#.###..
#.....(.@.# ...#.#....
...........................
#.#...........###.###.#####
#..########.# . ....... #..
... ..#### #. ♣..# #.. #
♣.# #.. %# #.. ###


There were no monsters in sight!

Vanquished Creatures
  An adder (D:2)
  2 worms (D:2)
  3 dart slugs (D:1)
  2 giant cockroaches
  3 goblins (D:1)
  7 hobgoblins
  2 jackals (D:2)
  7 kobolds
  4 rats
31 creatures vanquished.

Notes
Turn   | Place    | Note
-------+----------+-------------------------------------------
     0 | D:1      | H0rd4k the Human Artificer began the quest for the Orb.
     0 | D:1      | Reached XP level 1. HP: 15/15 MP: 3/3
    61 | D:1      | Reached XP level 2. HP: 2/21 MP: 4/4
   645 | D:1      | Reached XP level 3. HP: 18/26 MP: 5/5
  1227 | D:2      | Reached XP level 4. HP: 23/32 MP: 6/6
  1275 | D:2      | Noticed a centaur
  1282 | D:2      | Shot with an arrow by something

Action                   |  1- 3 |  4- 6 || total
-------------------------+-------+-------++-------
Melee: Short sword       |   112 |     1 ||   113
Evoke: Wand              |     3 |     5 ||     8
 Stab: Sleeping          |     1 |       ||     1
Armor: Leather armour    |    20 |       ||    20
Dodge: Dodged            |    64 |     1 ||    65
